 Dungeon Crawl Stone Soup version 0.26.1-11-gd32895ea62 (webtiles) character file.

Game seed: 6996540347388591590

1 phalm the Conjurer (level 1, -4/13 HPs)
             Began as a Demonspawn Conjurer on June 24, 2021.
             Slain by a kobold
             ... wielding a +0 short sword
              (5 damage)
             ... on level 1 of the Dungeon.
             The game lasted 00:00:14 (55 turns).

phalm the Conjurer (Demonspawn Conjurer)              Turns: 55, Time: 00:00:15

Health: -4/13      AC:  2    Str:  7    XL:     1   Next: 16%
Magic:  0/3        EV: 12    Int: 19    God:
Gold:   15         SH:  0    Dex: 11    Spells: 3/4 levels left

rFire    . . .     SeeInvis .   (no weapon)
rCold    . . .     Faith    .   (no shield)
rNeg     . . .     Spirit   .   a - +0 robe
rPois    .         Reflect  .   (no helmet)
rElec    .         Harm     .   (no cloak)
rCorr    .         Rampage  .   (no gloves)
Will     .....                  (no boots)
Stlth    ++........             (no amulet)
HPRegen  0.04/turn              (no ring)
MPRegen  0.08/turn              (no ring)

@: no status effects
A: no striking features
a: no special abilities


You were on level 1 of the Dungeon.
You visited 1 branch of the dungeon, and saw 1 of its levels.

You collected 15 gold pieces.


   Skills:
 + Level 0.1 Fighting
 - Level 1.7 Dodging
 - Level 1.7 Stealth
 + Level 2.0 Spellcasting
 * Level 4.0 Conjurations


You had 3 spell levels left.
You knew the following spells:

 Your Spells              Type           Power        Failure   Level
m - Magic Dart            Conj           68%          3%          1

Your spell library contained the following spells:

 Spells                   Type           Power        Failure   Level
 Searing Ray              Conj           34%          4%          2
 Dazzling Flash           Conj/Hex       18%          22%         3
 Fulminant Prism          Conj/Hex       4%           58%         4
 Iskenderun's Mystic Bla  Conj/Tloc      9%           58%         4

Inventory:

Armour
 a - a +0 robe (worn)

Dungeon Overview and Level Annotations

Branches:
Dungeon (1/15)

Altars:

#(# #K#
###### #.#
#≈≈≈≈# #†#.
#≈##≈#
#.#.###≈≈≈≈#
#.# ≈≈#≈#<≈+
#.# #≈#≈#≈≈#
#(###≈#≈##≈#
#.K@≈#≈#≈≈≈#
############


You could see a kobold.


Message History

🤖 Initializing magus.rc ... ✅ Successfully initialized magus.rc [v1.9.10] Welcome, phalm the Demonspawn Conjurer.
The bosom of this dungeon contains the fabulous artefact, the Orb of Zot.
Press ? for a list of commands and other information.
Found a staircase leading out of the dungeon.
You enter the shallow water.
Moving in this stuff is going to be slow.
You open the door.
There is an open door here.
You now have 15 gold pieces. 2 kobolds come into view.
The kobold shouts!
Casting: Magic Dart (safe; 3% risk of failure)
Confirm with . or Enter, or press ? or * to list all spells.
Aiming: Magic Dart (safe; 3% risk of failure)
Press: ? - help, Shift-Dir - straight line, f - kobold
Aim: a kobold (0% to evade)
The magic dart hits the kobold.
The kobold shouts!
The kobold throws a stone.
The stone hits you. 😕 HP[-2] MP[-1]
You take 2 damage, and now have 11/13 hp.
You lost 1 mp, and now have 2/3 mp.
Casting: Magic Dart (safe; 3% risk of failure)
Confirm with . or Enter, or press ? or * to list all spells.
Aiming: Magic Dart (safe; 3% risk of failure)
Press: ? - help, Shift-Dir - straight line, f/p - kobold
Aim: a kobold (heavily wounded, 0% to evade)
The magic dart hits the kobold but does no damage. 😕 MP[-1]
You lost 1 mp, and now have 1/3 mp.
Casting: Magic Dart (safe; 3% risk of failure)
Confirm with . or Enter, or press ? or * to list all spells.
Aiming: Magic Dart (safe; 3% risk of failure)
Press: ? - help, Shift-Dir - straight line, f/p - kobold
Aim: a kobold (heavily wounded, 0% to evade)
The magic dart hits the kobold.
You kill the kobold!
The kobold throws a stone.
The stone hits you but does no damage. 😕 MP[-1]
You lost 1 mp, and now have 0/3 mp.
The kobold throws a stone.
The stone closely misses you.
There is an open door here.
You see here a stone.
You close the door, pushing everything out of the way.
You see here a stone. 😕 MP[+1]
A kobold opens the door.
It is wielding a +0 short sword. 😕 HP[+1]
Casting: Magic Dart (safe; 3% risk of failure)
Confirm with . or Enter, or press ? or * to list all spells.
Aiming: Magic Dart (safe; 3% risk of failure)
Press: ? - help, Shift-Dir - straight line, f - kobold
Aim: a kobold, wielding a +0 short sword (0% to evade)
The magic dart hits the kobold. 😕 MP[-1]
You lost 1 mp, and now have 0/3 mp.
You hit the kobold but do no damage. The kobold misses you.
You hit the kobold but do no damage.
The kobold hits you with a +0 short sword. 😕 HP[-1]
You take 1 damage, and now have 11/13 hp.
You closely miss the kobold. The kobold hits you but does no damage.
You barely miss the kobold.
The kobold hits you with a +0 short sword.
* * * LOW HITPOINT WARNING * * *
😨 HP[-5]
You take 5 damage, and now have 6/13 hp.
MASSIVE DAMAGE!! (PAUSE)
You hit the kobold but do no damage.
The kobold hits you with a +0 short sword.
* * * LOW HITPOINT WARNING * * *
😱 HP[-4]
You take 4 damage, and now have 2/13 hp.
MASSIVE DAMAGE!! (PAUSE)
You hit the kobold but do no damage. The kobold closely misses you. 😱 MP[+1]
Casting: Magic Dart (safe; 3% risk of failure)
Confirm with . or Enter, or press ? or * to list all spells.
Aiming: Magic Dart (safe; 3% risk of failure)
Press: ? - help, Shift-Dir - straight line, f/p - kobold
Aim: a kobold, wielding a +0 short sword (heavily wounded, 0% to evade)
The magic dart hits the kobold.
The kobold completely misses you. 😱 MP[-1]
You lost 1 mp, and now have 0/3 mp.
You closely miss the kobold.
The kobold hits you with a +0 short sword.
* * * LOW HITPOINT WARNING * * *
😱 HP[-1]
You take 1 damage, and now have 1/13 hp.
You barely miss the kobold. The kobold hits you but does no damage.
Unknown command.
You hit the kobold but do no damage. The kobold barely misses you.
You miss the kobold.
The kobold hits you with a +0 short sword.
You die...

Action                   || total
-------------------------++-------
Melee: Unarmed           ||    10
 Cast: Magic Dart        ||     5
Armor: Robe              ||     2
Dodge: Dodged            ||     5

Levels and vault maps discovered:
D:1:      ncdulo_wetmaze, layout_basic

Notes
Turn   | Place    | Note
-------+----------+-------------------------------------------
     0 | D:1      | phalm the Demonspawn Conjurer began the quest for the Orb.
     0 | D:1      | Reached XP level 1. HP: 13/13 MP: 3/3
     0 | D:1      | magus.rc [v1.9.10]
    49 | D:1      | HP: 2/13 [kobold/+0 short sword (4)]
    55 | D:1      | Slain by a kobold

Vanquished Creatures
  A kobold (D:1)
1 creature vanquished.

Table legend:
 A = Non-vault XP
 B = Vault XP
 C = Vault XP percentage of total XP
 D = Non-vault monster count
 E = Vault monster count
 F = Vault count percentage of total count
                 A         B        C        D         E       F
            +---------+---------+-------+---------+---------+-------
      Total |       2 |       0 |   0.0 |       1 |       0 |   0.0
            +---------+---------+-------+---------+---------+-------
        D:1 |       2 |       0 |   0.0 |       1 |       0 |   0.0
            +---------+---------+-------+---------+---------+-------

Illustrated notes

Table legend:
 A = Kills in this place as a percentage of kills in entire the game.
 B = Kills by you in this place as a percentage of kills by you in the entire game.
 C = Kills by friends in this place as a percentage of kills by friends in the entire game.
 D = Other kills in this place as a percentage of other kills in the entire game.
 E = Experience gained in this place as a percentage of experience gained in the entire game.
 F = Experience gained in this place divided by the number of levels of this place that you have seen.
                   A       B       C       D       E      F
               +-------+-------+-------+-------+-------+----------------------
         Total | 100.0 | 100.0 |   N/A |   N/A | 100.0 |   2.0
       Dungeon | 100.0 | 100.0 |   N/A |   N/A | 100.0 |   2.0
               +-------+-------+-------+-------+-------+----------------------

Table legend: (Time is in decaauts)
 A = Elapsed time spent in this place.
 B = Non-inter-level travel time spent in this place.
 C = Inter-level travel time spent in this place.
 D = Time resting spent in this place.
 E = Time spent auto-exploring this place.
 F = Levels seen in this place.
 G = Mean time per level.
                   A        B        C        D        E       F      G
               +--------+--------+--------+--------+--------+-----+--------+
         Total |     62 |     62 |      0 |      0 |     37 |   1 |   62.0 |
       Dungeon |     62 |     62 |      0 |      0 |     37 |   1 |   62.0 |
               +--------+--------+--------+--------+--------+-----+--------+

Top non-repeatable levels by time:
     D:1: 62 daAuts
